 Dungeon Crawl Stone Soup version 0.14-a0-1546-g4b4961f (webtiles) character file.

82052 Ololoev the Eclecticist (level 15, -3/76 HPs)
             Began as a Deep Elf Conjurer on Dec 19, 2013.
             Was the Champion of Vehumet.
             Slain by Aizul (47 damage)
             ... on Level 1 of the Spider Nest on Dec 20, 2013.
             The game lasted 04:03:34 (30615 turns).

Ololoev the Eclecticist (Deep Elf Conjurer)        Turns: 30615, Time: 04:03:34

HP  -3/76        AC 14     Str  9      XL: 15   Next: 23%
MP  27/39        EV  9     Int 23      God: Vehumet [******]
Gold 1820        SH  0     Dex 15      Spells: 13 memorised,  1 level left

rFire  + . .     SeeInvis +     R - staff of conjuration
rCold  + + .     Clarity  +     u - +2 ring mail of the Abyss {rN+ SInv Stlth++}
rNeg   + . .     Conserve +     (no shield)
rPois  +         rCorr    +     (no helmet)
rElec  .         rRot     .     G - +0 cloak {rCorr, Cons}
SustAb . .       Spirit   .     B - +2 pair of gloves {archer}
rMut   .         Warding  .     z - +1 pair of elf boots
Saprov . . .     Stasis   .     h - amulet of clarity
                                j - ring of poison resistance
                                a - ring "Soilug" {+Blink rF+ rC++ Acc+3}

@: mildly poisoned, quite resistant to hostile enchantments, quite stealthy
A: no striking features
a: Renounce Religion, Evoke Blink


You were on level 1 of the Spider Nest.
You worshipped Vehumet.
Vehumet was exalted by your worship.
You were hungry.

You visited 6 branches of the dungeon, and saw 26 of its levels.
You also visited: Volcano.

You collected 2428 gold pieces.
You spent 608 gold pieces at shops.

Inventory:

Armour
 u - the +2 ring mail of the Abyss (worn) {rN+ SInv Stlth++}
   (You found it on level 9 of the Dungeon)

   It protects you from negative energy.
   It enhances your eyesight.
   It makes you much more stealthy.
 z - a +1 pair of elven boots (worn)
 B - a +2 pair of gloves of archery (worn)
 G - a +0 cloak of preservation (worn)
Magical devices
 x - a wand of teleportation (4)
 A - a wand of disintegration (3)
Comestibles
 c - 2 bread rations
 k - 2 meat rations
Scrolls
 d - a scroll of teleportation
 f - 6 scrolls of remove curse
 i - a scroll of noise
 l - 4 scrolls of fog
 n - a scroll of blinking
 p - a scroll of immolation
 r - 2 scrolls of identify
 t - a scroll of enchant armour
 y - 4 scrolls of fear
 S - a scroll of recharging
Jewellery
 a - the ring "Soilug" (left hand) {+Blink rF+ rC++ Acc+3}
   (You acquired it on level 8 of the Lair of Beasts)

   [ring of protection from fire]

   It affects your accuracy (+3).
   It greatly protects you from cold.
   It lets you blink.
 h - an amulet of clarity (around neck)
 j - a ring of poison resistance (right hand)
 o - an uncursed ring of see invisible
 Q - an uncursed ring of fire
Potions
 e - 2 potions of heal wounds
 g - a potion of mutation
 m - a potion of flight
 q - 4 potions of curing
 v - 2 potions of invisibility
 D - 2 potions of brilliance
 F - 2 potions of speed
Magical staves
 b - an uncursed staff of energy
 R - an uncursed staff of conjuration (weapon)


   Skills:
 + Level 2.2 Fighting
 - Level 4.3 Armour
 + Level 4.1 Dodging
 - Level 2.4 Stealth
 - Level 16.0 Spellcasting
 - Level 14.3 Conjurations
 - Level 8.0 Charms
 - Level 2.1 Translocations
 - Level 15.2 Fire Magic
 - Level 12.7 Earth Magic


You had one spell level left.
You knew the following spells:

 Your Spells              Type           Power        Failure   Level  Hunger
a - Magic Dart            Conj           ####         0%          1    None
b - Searing Ray           Conj           ######       1%          2    None
c - Iskenderun's Battles  Conj/Chrm      #######.     1%          4    None
d - Iskenderun's Mystic   Conj           #######.     1%          4    None
e - Conjure Flame         Conj/Fire      #######.     1%          3    None
f - Fireball              Conj/Fire      #######...   1%          5    None
g - Fulminant Prism       Conj/Hex       ######....   2%          5    None
h - Apportation           Tloc           ####......   1%          1    None
i - Swiftness             Chrm/Air       #####...     1%          2    None
j - Bolt of Magma         Conj/Fire/Erth #######...   1%          5    None
k - Orb of Destruction    Conj           #######...   4%          7    ######.
l - Delayed Fireball      Conj/Fire      N/A          3%          7    ######.
m - Dig                   Erth           ######..     1%          4    None


Dungeon Overview and Level Annotations

Branches:
Dungeon (11/16)            Temple (1/1) D:7             Orc (4/4) D:11
    Elf (1/3) Orc:4          Lair (8/8) D:9          Shoals (0/5) Lair:6
 Spider (1/5) Lair:5        Slime (0/6) Lair:7

Altars:
Ashenzari
Cheibriados
Elyvilon
Fedhas
Kikubaaqudgha
Makhleb
Nemelex Xobeh
Okawaru
Sif Muna
Trog
Vehumet
Xom
Yredelemnul
Zin
the Shining One

Shops:
D:4 }   Orc:2 %   Orc:3 =/:%   Orc:4 [%=*

Portals:
Ziggurat: D:5 (2860 gp)

Annotations:
Spider:1 Aizul


Message History

Aizul is moderately wounded.
Casting: Orb of Destruction
Confirm with . or Enter, or press ? or * to list all spells.
Aiming: Bolt of Magma
Press: ? - help, Shift-Dir - straight line, f/p - Aizul
Aim: Aizul (magical condensation, moderately wounded)
You feel a surge of power!
The bolt of magma misses Aizul.
Your battlesphere fires!
The barrage of energy hits Aizul.
Aizul is moderately wounded.
Aizul coils himself and waves his upper body at you.
The poison arrow hits you!
You are poisoned.
You partially resist.
Aizul coils himself and waves his upper body at you.
You fall asleep.
Aizul hits you but does no damage. Aizul hits you!
You wake up.
Ouch! That really hurt!
You die...

###### #
##*.#.####.##
##...........###
##.....@S........
###.......#....%...
#.##.....#.....%..
#.................
#.................
#................
#...............
#............#.# #
#............# ####
##


You could see Aizul.

Vanquished Creatures
  Rupert (Spider:1)
  The ghost of ilii the Conjurer, a powerful OpWz of Vehumet (Lair:6)
  The ghost of
  101 the Earth Mage, a powerful DEEE of Vehumet (Orc:4)
  5 dire elephants (Lair:8)
  A deep elf high priest (Elf:1)
  3 hydras
  Harold (Orc:4)
  4 ogre magi (Orc:4)
  An anaconda (Lair:8)
  Urug (D:11)
  An orc knight (Orc:4)
  2 wolf spiders (Spider:1)
  Joseph (D:8)
  2 giant amoebae (Lair:7)
  12 elephants (Lair:8)
  Maurice (D:8)
  5 black mambas
  A deep elf summoner (Elf:1)
  10 spiny frogs
  A queen ant (Lair:7)
  A feature mimic (Lair:8)
  2 demonic crawlers (Spider:1)
  The ghost of M4edhros the Ducker, an experienced OpCK of Xom (D:5)
  A hydra zombie (D:11)
  Grinder (D:3)
  11 fire drakes
  4 jumping spiders (Spider:1)
  Sonja (D:10)
  3 orb spiders (Spider:1)
  3 trolls
  16 two-headed ogres
  16 blink frogs
  6 komodo dragons
  4 basilisks
  2 brown oozes (Lair:7)
  21 redbacks
  A formicid (Spider:1)
  9 trapdoor spiders
  7 tarantellas (Spider:1)
  6 fire bats (Volcano)
  A shark (D:9)
  11 hippogriffs
  2 elephant slugs (Lair:8)
  Eustachio (D:6)
  Grum (D:9)
  A mottled dragon (Volcano)
  2 wyverns
  59 yaks
  19 soldier ants (Lair:7)
  A necrophage (D:6)
  7 porcupines
  9 manticores
  An orange crystal statue (D:9)
  15 wolves
  13 orc warriors
  A human (D:10)
  A phantom (D:6)
  3 sky beasts
  A black bear (D:6)
  6 centaurs
  A yellow wasp (Spider:1)
  31 ogres
  A boring beetle (Lair:6)
  14 crocodiles
  12 ice beasts
  Duvessa (D:6)
  6 water moccasins
  7 giant slugs
  4 wargs
  Blork the orc (D:6)
  3 agate snails
  14 giant frogs
  An eye of draining (D:10)
  A jellyfish (D:9)
  5 wights (D:9)
  A hippogriff skeleton (D:7)
  4 crimson imps
  2 electric eels (D:9)
  3 goliath beetles
  5 hounds
  Dowan (D:6)
  12 killer bees
  7 spiders (Spider:1)
  2 jellies
  A giant frog skeleton (D:11)
  25 orc priests
  21 orc wizards
  2 quasits (D:5)
  9 iguanas
  34 worker ants
  5 sheep
  Ijyb (D:3)
  A big kobold skeleton (D:11)
  A hound skeleton (D:8)
  2 gnolls (D:3)
  35 green rats
  23 adders
  6 giant centipedes
  3 giant mites
  An inept feature mimic (D:3)
  6 worms
  An iguana zombie (D:5)
  A giant eyeball (D:8)
  An ooze (D:3)
  179 orcs
  5 giant cockroaches
  15 goblins
  23 hobgoblins
  30 jackals
  27 bats
  9 giant geckos
  4 giant newts
  A giant newt skeleton (D:4)
  A giant newt zombie (D:5)
  A giant spore (D:10)
  A gnoll skeleton (D:6)
  16 kobolds
  A kobold skeleton (D:4)
  A kobold zombie (D:5)
  14 quokkas
  13 rats
  A rat skeleton (D:5)
  A ballistomycete (D:10)
  A butterfly (Lair:4)
  A fungus (Lair:8)
  5 plants (Lair:8)
994 creatures vanquished.

Vanquished Creatures (collateral kills)
  An agate snail (Lair:5)
1 creature vanquished.

Vanquished Creatures (others)
  10 fulminant prisms
  14 fungi
  4 plants (Lair:8)
28 creatures vanquished.

Grand Total: 1023 creatures vanquished

Notes
Turn   | Place    | Note
--------------------------------------------------------------
     0 | D:1      | Ololoev, the Deep Elf Conjurer, began the quest for the Orb.
     0 | D:1      | Reached XP level 1. HP: 10/10 MP: 5/5
     2 | D:1      | Noticed a naga
     4 | D:1      | Noticed a draconian
     6 | D:1      | Noticed an elf
     6 | D:1      | Noticed a dwarf
     8 | D:1      | Noticed a demigod
     8 | D:1      | Noticed a merfolk
    10 | D:1      | Noticed a tengu
    12 | D:1      | Noticed a vampire
    12 | D:1      | Noticed a felid
    14 | D:1      | Noticed a minotaur
    14 | D:1      | Noticed an octopode
    16 | D:1      | Noticed a troll
    16 | D:1      | Noticed a human
    18 | D:1      | Noticed a ghoul
    18 | D:1      | Noticed a demonspawn
    20 | D:1      | Noticed a spriggan
    22 | D:1      | Noticed an ogre
    22 | D:1      | Noticed a centaur
    52 | D:1      | Reached XP level 2. HP: 15/15 MP: 0/9
    56 | D:1      | Learned a level 2 spell: Searing Ray
   848 | D:2      | Reached XP level 3. HP: 19/19 MP: 7/13
   988 | D:2      | Reached skill level 5 in Spellcasting
  1256 | D:2      | Reached XP level 4. HP: 24/24 MP: 9/18
  1423 | D:2      | Reached skill level 6 in Spellcasting
  1531 | D:2      | Found a burning altar of Makhleb.
  1534 | D:2      | Found a white marble altar of Elyvilon.
  1537 | D:2      | Found a sparkling altar of Nemelex Xobeh.
  2117 | D:3      | Reached skill level 5 in Conjurations
  2151 | D:3      | Learned a level 4 spell: Iskenderun's Battlesphere
  2338 | D:3      | Reached XP level 5. HP: 22/28 MP: 17/20
  2904 | D:3      | Noticed Grinder
  2914 | D:3      | Killed Grinder
  2914 | D:3      | Reached skill level 7 in Charms
  2914 | D:3      | Reached XP level 6. HP: 19/32 MP: 4/22
  3366 | D:3      | Reached XP level 7. HP: 36/36 MP: 21/24
  3372 | D:3      | Found a snail-covered altar of Cheibriados.
  3377 | D:3      | Reached skill level 8 in Charms
  3466 | D:3      | Noticed Ijyb
  3474 | D:3      | Killed Ijyb
  4118 | D:4      | Found Wipuok Qoum's Gadget Boutique.
  4321 | D:4      | Got a dazzling sling
  4332 | D:4      | Identified the cursed +2,-2 sling of Impatience {venom, Dex+2} (You found it on level 4 of the Dungeon)
  4683 | D:5      | Entered Level 5 of the Dungeon
  4702 | D:5      | Found an iron altar of Okawaru.
  4708 | D:5      | Found a gateway to a ziggurat.
  4765 | D:5      | Found a basalt altar of Yredelemnul.
  4927 | D:5      | Noticed M4edhros' ghost (experienced OpCK)
  4947 | D:5      | Killed M4edhros' ghost
  5072 | D:5      | Reached XP level 8. HP: 41/41 MP: 16/25
  5418 | D:5      | Reached skill level 9 in Conjurations
  5475 | D:5      | Got a slimy trident
  5476 | D:5      | Identified the +4,+4 trident of True Grit {holy, rC+} (You found it on level 5 of the Dungeon)
  5892 | D:6      | Noticed Duvessa
  5892 | D:6      | Noticed Dowan
  5898 | D:6      | Killed Duvessa
  5899 | D:6      | Killed Dowan
  6024 | D:6      | Reached skill level 10 in Conjurations
  6120 | D:6      | Noticed Blork the orc
  6130 | D:6      | Killed Blork the orc
  6136 | D:6      | Learned a level 4 spell: Iskenderun's Mystic Blast
  6286 | D:6      | Noticed Eustachio
  6291 | D:6      | Killed Eustachio
  6291 | D:6      | Reached skill level 11 in Conjurations
  6421 | D:6      | Reached XP level 9. HP: 45/45 MP: 16/26
  7193 | D:6      | Reached skill level 12 in Conjurations
  7387 | D:7      | Found a staircase to the Ecumenical Temple.
  7400 | Temple   | Entered the Ecumenical Temple
  7406 | Temple   | Became a worshipper of Vehumet
  7525 | D:7      | Found a deep blue altar of Sif Muna.
  8005 | D:6      | Found a shimmering altar of Xom.
  8207 | D:8      | Found a glowing silver altar of Zin.
  8207 | D:8      | Noticed an angel
  8215 | D:8      | Reached skill level 13 in Conjurations
  8221 | D:8      | Acquired Vehumet's first power
  8221 | D:8      | Offered knowledge of Freeze by Vehumet.
  8608 | D:8      | Noticed Maurice
  8744 | D:8      | Noticed Joseph
  8751 | D:8      | Killed Joseph
  8751 | D:8      | Reached XP level 10. HP: 43/50 MP: 5/30
  9095 | D:8      | Paralysed by a giant eyeball for 4 turns
  9245 | D:8      | Killed Maurice
  9245 | D:8      | Reached skill level 10 in Spellcasting
  9254 | D:8      | Identified a +0 cloak of preservation (You took it off Maurice on level 8 of the Dungeon)
  9407 | D:9      | Offered knowledge of Shock by Vehumet.
  9419 | D:9      | Learned a level 3 spell: Conjure Flame
  9425 | D:9      | Learned a level 5 spell: Fireball
  9458 | D:9      | Reached skill level 1 in Fire Magic
  9479 | D:9      | Noticed Grum
  9781 | D:9      | Killed Grum
  9784 | D:9      | Reached skill level 5 in Fire Magic
 10001 | D:9      | Got a transparent dagger
 10002 | D:9      | Identified the +3,+5 dagger of the Ancient Gods {pain, rElec Str+3} (You found it on level 9 of the Dungeon)
 10048 | D:9      | Found a staircase to the Lair.
 10192 | D:9      | Learned a level 5 spell: Fulminant Prism
 10687 | D:9      | Offered knowledge of Stone Arrow by Vehumet.
 11047 | D:9      | Acquired Vehumet's second power
 11132 | D:9      | Reached XP level 11. HP: 38/54 MP: 4/32
 11483 | D:10     | Entered Level 10 of the Dungeon
 12093 | D:10     | Learned a level 1 spell: Apportation
 12096 | D:10     | Learned a level 2 spell: Swiftness
 12289 | D:10     | Noticed Sonja
 12293 | D:10     | Killed Sonja
 12293 | D:10     | Reached skill level 1 in Translocations
 12584 | D:10     | Offered knowledge of Airstrike by Vehumet.
 13343 | D:11     | Reached skill level 10 in Fire Magic
 13401 | D:11     | Reached skill level 1 in Armour
 13805 | D:9      | Got a bloodstained ring mail
 13816 | D:9      | Identified the +2 ring mail of the Abyss {rN+ SInv Stlth++} (You found it on level 9 of the Dungeon)
 14086 | D:11     | Found a staircase to the Orcish Mines.
 14156 | D:11     | Noticed Urug
 14453 | D:11     | Killed Urug
 14709 | D:11     | Acquired Vehumet's third power
 15033 | Lair:1   | Entered Level 1 of the Lair of Beasts
 15036 | Lair:1   | Offered knowledge of Olgreb's Toxic Radiance by Vehumet.
 15061 | Lair:1   | Learned a level 5 spell: Bolt of Magma
 15277 | Lair:1   | Reached skill level 1 in Earth Magic
 15863 | Lair:2   | Noticed a seven-headed hydra
 15888 | Lair:2   | Killed a seven-headed hydra
 16093 | Lair:2   | Found an ancient bone altar of Kikubaaqudgha.
 16280 | Lair:2   | Reached XP level 12. HP: 19/59 MP: 10/34
 16569 | Lair:2   | Reached skill level 5 in Earth Magic
 17427 | Lair:3   | Offered knowledge of Bolt of Draining by Vehumet.
 18946 | Lair:4   | Noticed a seven-headed hydra
 18949 | Lair:4   | Killed a seven-headed hydra
 19364 | Lair:4   | Reached skill level 14 in Spellcasting
 19517 | Lair:5   | TomPliss: you learn the flame brand spell ?
 19599 | Lair:5   | Ololoev: nope, I don't fight in melee
 19604 | Lair:5   | TomPliss: oh ? I though I saw it in your list ^^'
 19606 | Lair:5   | TomPliss: ah, searing ray, m'k
 19606 | Lair:5   | Ololoev: mb bolt of magma or ray?
 19606 | Lair:5   | Ololoev: ok
 19607 | Lair:5   | TomPliss: too red to be pure conjur :D
 19623 | Lair:5   | Ololoev: branching into fire now)
 19674 | Lair:5   | Ololoev: book of flames+book of fire
 19674 | Lair:5   | TomPliss: fire ball, i saw
 19680 | Lair:5   | TomPliss: oh, nice
 19772 | Lair:5   | TomPliss: is the multi-target pure conjuration spell noisier than fireball ?
 19846 | Lair:5   | TomPliss: you know, the ... blast thingy ... Isken one, I think ... ?
 19846 | Lair:5   | Ololoev: shatter
 19846 | Lair:5   | Ololoev: IMB
 19846 | Lair:5   | Ololoev: IMB is pure conj
 19846 | Lair:5   | TomPliss: imb, yeah
 19850 | Lair:5   | TomPliss: level 4, pure conj
 20055 | Lair:5   | Found a hole to the Spider Nest.
 20056 | Lair:5   | TomPliss: ok, less noisy (4-10 versus 15 always), but les accurate (don't have to hit with FB), and half the damage :/
 20056 | Lair:5   | Ololoev: there is also IOOD, in case of orb to orb it makes a lot of noise
 20059 | Lair:5   | Reached skill level 15 in Spellcasting
 20149 | Lair:5   | TomPliss: yeah, but level 7 spell, so not really comparable, is it ?
 20298 | Lair:5   | TomPliss: I know FB is dual school, but ...
 20298 | Lair:5   | Ololoev: yep
 20617 | Lair:6   | TomPliss: and single target, anyway :/
 20814 | Lair:6   | Offered knowledge of Venom Bolt by Vehumet.
 20822 | Lair:6   | TomPliss: in fact, Fuklminant Prism is better than IMB, as far as multi-target goes :)
 20822 | Lair:6   | Reached XP level 13. HP: 63/63 MP: 22/37
 20880 | Lair:6   | Ololoev: yes if it is able to stay alive for 2 turns
 20880 | Lair:6   | Ololoev: and if u have 2 turns to wait
 20880 | Lair:6   | Ololoev: it is best suitable for taking out statues and oklobs with veh's range
 20933 | Lair:6   | Found a staircase to the Shoals.
 20963 | Lair:6   | Noticed ilii's ghost (powerful OpWz)
 20964 | Lair:6   | Ololoev: ha-ha!
 20964 | Lair:6   | Ololoev: wiz vs conj!
 20964 | Lair:6   | Ololoev: damn I have no rPois!
 20967 | Lair:6   | TomPliss: octopodes don't have a ghost tile :(
 20968 | Lair:6   | Killed ilii's ghost
 20988 | Lair:6   | TomPliss: easy :/
 21172 | Lair:6   | TomPliss: tell me you have soem food stashed somewhere ._.
 21172 | Lair:6   | Ololoev: I was afraid of meph cloud
 21172 | Lair:6   | Ololoev: I have bunch of cheese, meat and bread
 21172 | Lair:6   | Ololoev: abt 8 of each )
 21214 | Lair:6   | TomPliss: let's make a sandwich ! :D
 21230 | Lair:6   | Ololoev: hunger won't be a problem soon
 21263 | Lair:6   | TomPliss: 20+int and 16 spellcasting ... -_-
 21368 | Lair:6   | TomPliss: anyway, gonna play a Skald myself :/
 21373 | Lair:6   | TomPliss: see you
 21388 | Lair:6   | Ololoev: cya
 21554 | Lair:6   | Reached skill level 16 in Spellcasting
 22308 | Lair:6   | Learned a level 7 spell: Orb of Destruction
 22316 | Lair:6   | Learned a level 7 spell: Delayed Fireball
 22701 | Lair:7   | Found a staircase to the Slime Pits.
 22837 | Lair:7   | Offered knowledge of Bolt of Cold by Vehumet.
 23403 | Lair:7   | Identified a scroll of acquirement
 23626 | Lair:7   | Offered knowledge of Poison Arrow by Vehumet.
 23862 | Lair:8   | Entered Level 8 of the Lair of Beasts
 24024 | Lair:8   | Found a shimmering altar of Xom.
 24238 | Lair:8   | Reached XP level 14. HP: 68/68 MP: 33/39
 24482 | Lair:8   | Got a vibrating bronze ring
 24483 | Lair:8   | Identified the ring "Soilug" {+Blink rF+ rC++ Acc+3} (You acquired it on level 8 of the Lair of Beasts)
 24596 | Lair:8   | Reached skill level 10 in Earth Magic
 25337 | Lair:8   | Got a pitted helmet
 25344 | Lair:8   | Identified the +2 helmet of the Demon Prince {Str-3 Dex+4} (You found it on level 8 of the Lair of Beasts)
 25520 | Lair:8   | Offered knowledge of Conjure Ball Lightning by Vehumet.
 26088 | Lair:1   | Learned a level 4 spell: Dig
 26315 | Orc:1    | Entered Level 1 of the Orcish Mines
 26959 | Orc:2    | Found Pruet's Food Boutique.
 27415 | Orc:4    | Entered Level 4 of the Orcish Mines
 27526 | Orc:4    | Found a white marble altar of Elyvilon.
 27538 | Orc:4    | Found a staircase to the Elven Halls.
 27546 | Orc:3    | Found Jeesec's Jewellery Emporium.
 27549 | Orc:3    | Offered knowledge of Freezing Cloud by Vehumet.
 27567 | Orc:3    | Found Gublaux's Magical Wand Boutique.
 27677 | Orc:3    | Margery: ну здравствуй, Ололоша, все ползаешь? А мог бы в игры играть
 27677 | Orc:3    | Margery: или работать, например
 27677 | Orc:3    | Ololoev: здорово
 27677 | Orc:3    | Ololoev: а я и так работаю
 27722 | Orc:4    | Margery: вот так вы все и работаете, а потом самолеты в воздухе разваливаются
 27747 | Orc:4    | Ololoev: ну ок
 27765 | Orc:4    | Noticed 101's ghost (powerful DEEE)
 27773 | Orc:4    | Killed 101's ghost
 27852 | Orc:4    | Found Baorauduloss' Jewellery Shoppe.
 27852 | Orc:4    | Found Uxuaq's General Store.
 27858 | Orc:4    | Reached skill level 15 in Fire Magic
 27867 | Orc:4    | Found Taivar's Food Shoppe.
 27867 | Orc:4    | Found Khuengocs' Armour Shop.
 27869 | Orc:4    | Ololoev: охрененное окончание орка
 27869 | Orc:4    | Margery: точно
 27884 | Orc:4    | Bought a potion of mutation for 48 gold pieces
 27888 | Orc:4    | Bought an uncursed amulet of clarity for 280 gold pieces
 27936 | Orc:3    | Bought an uncursed ring of poison resistance for 280 gold pieces
 28029 | Orc:3    | Found Kymosiuli's Book Shoppe.
 28045 | Orc:3    | Found Elasizir's Food Emporium.
 28054 | Orc:3    | Found a dark tunnel.
 28068 | Volcano  | Entered a volcano
 28597 | Orc:4    | Noticed Harold
 28600 | Orc:4    | Killed Harold
 28989 | Elf:1    | Entered Level 1 of the Elven Halls
 29003 | Elf:1    | Noticed a deep elf blademaster
 29003 | Elf:1    | Noticed a deep elf master archer
 29004 | Elf:1    | Noticed a deep elf blademaster
 29009 | Orc:4    | Ololoev: ололо
 29434 | Spider:1 | Entered Level 1 of the Spider Nest
 29631 | Spider:1 | Offered knowledge of Ozocubu's Refrigeration by Vehumet.
 29631 | Spider:1 | Reached XP level 15. HP: 34/72 MP: 27/39
 29648 | Spider:1 | Noticed Rupert
 29809 | Spider:1 | Killed Rupert
 30072 | Spider:1 | Reached skill level 1 in Fighting
 30607 | Spider:1 | Noticed Aizul
 30615 | Spider:1 | Slain by Aizul

Action                   |  1- 3 |  4- 6 |  7- 9 | 10-12 | 13-15 || total
-------------------------+-------+-------+-------+-------+-------++-------
Melee: Staff             |       |       |     1 |     4 |     2 ||     7
       Trident           |       |       |       |     3 |     2 ||     5
 Cast: Magic Dart        |    41 |    26 |   171 |   352 |   313 ||   903
       Searing Ray       |     8 |    17 |    53 |    93 |    49 ||   220
       Iskenderun's Batt |       |     3 |    31 |   106 |   114 ||   254
       Iskenderun's Myst |       |       |    15 |    58 |    35 ||   108
       Fireball          |       |       |       |    34 |    73 ||   107
       Apportation       |       |       |       |    29 |       ||    29
       Swiftness         |       |       |       |     4 |     4 ||     8
       Fulminant Prism   |       |       |       |     2 |     8 ||    10
       Bolt of Magma     |       |       |       |    27 |    83 ||   110
       Orb of Destructio |       |       |       |       |    16 ||    16
       Delayed Fireball  |       |       |       |       |     3 ||     3
       Dig               |       |       |       |       |     2 ||     2
 Abil: Release Delayed F |       |       |       |       |     3 ||     3
       Evoke Blink       |       |       |       |       |     1 ||     1
Evoke: Wand              |       |       |     3 |     8 |     8 ||    19
  Use: Scroll            |       |       |    19 |    13 |    11 ||    43
       Potion            |       |       |     2 |    11 |     3 ||    16
